 Dungeon Crawl Stone Soup version 0.17-a0-1648-g0a089d4 (webtiles) character file.

3671 karlkraus the Blocker (level 9, 0/81 HPs)
             Began as a Minotaur Fighter on Aug 13, 2015.
             Was a Priest of Cheibriados.
             Slain by an orc priest
             ... wielding a +0 trident
              (2 damage)
             ... on level 9 of the Dungeon.
             The game lasted 00:18:27 (6009 turns).

karlkraus the Blocker (Minotaur Fighter)            Turns: 6009, Time: 00:18:27

Health: 0/81       AC: 21    Str: 36    XL:     9   Next: 89%
Magic:  5/8        EV:  9    Int: 24    God:    Cheibriados [***...]
Gold:   427        SH: 15    Dex: 19    Spells: 0 memorised, 8 levels left

rFire  + . .     SeeInvis .     z - +4 hammer (holy)
rCold  x x .     Clarity  .     k - +2 plate armour
rNeg   + . .     SustAt   .     c - +1 shield
rPois  +         Gourm    .     (helmet restricted)
rElec  .         Spirit   .     x - +2 cloak {rPois}
rCorr  .         Warding  .     G - +0 pair of gloves "Zokaolluy" {*Confuse rC- Str+2 Int+7}
rMut   .         Stasis   .     (no boots)
MR     .....                    (no amulet)
Stlth  ..........               I - ring of poison resistance
                                s - ring of Pihup {Fire rN+ Int+5}

@: mighty, very slow, not resistant to hostile enchantments, extremely
unstealthy
A: retaliatory headbutt, horns 2
a: Bend Time, Temporal Distortion, Renounce Religion


You were on level 9 of the Dungeon.
You worshipped Cheibriados.
Cheibriados was most pleased with you.
You were not hungry.

You visited 1 branch of the dungeon, and saw 9 of its levels.

You collected 427 gold pieces.

Inventory:

Hand weapons
 f - a +5 flail of flaming
 z - a +4 hammer of holy wrath (weapon)
Armour
 c - a +1 shield (worn)
 k - a +2 plate armour (worn)
 n - the +0 leather armour of Free Will {rF+ Stlth+, unknown}
   (You found it on level 9 of the Dungeon)

   It protects you from fire.
   It makes you more stealthy.
 x - a +2 cloak of poison resistance (worn)
 G - the +0 pair of gloves "Zokaolluy" (worn) {*Confuse rC- Str+2 Int+7}
   (You found it on level 7 of the Dungeon)

   It affects your strength (+2).
   It affects your intelligence (+7).
   It makes you vulnerable to cold.
   It may confuse you when you take damage.
Jewellery
 s - the ring of Pihup (left hand) {Fire rN+ Int+5}
   (You found it on level 5 of the Dungeon)

   [ring of fire]

   It enhances your fire magic, and weakens your ice magic.
   It affects your intelligence (+5).
   It protects you from fire.
   It makes you vulnerable to cold.
   It protects you from negative energy.
 E - an uncursed amulet of guardian spirit
 I - a ring of poison resistance (right hand)
Magical devices
 h - a wand of fire (6)
Scrolls
 a - 3 scrolls of fear
 i - 3 scrolls of remove curse
 u - a scroll of recharging
 w - a scroll of enchant weapon
 B - a scroll of amnesia
Potions
 g - 3 potions of flight
 j - 5 potions of curing {unknown}
 m - 2 potions of brilliance {unknown}
 o - 3 potions of poison {unknown}
 p - 3 potions of mutation {unknown}
 q - a potion of ambrosia {unknown}
 r - 3 potions of agility {unknown}
 t - 2 potions of haste {unknown}
 v - 4 potions of heal wounds {unknown}
Books
 l - a book of Flames

   Spells                             Type                      Level
   a - Flame Tongue                   Conjuration/Fire             1
   b - Throw Flame                    Conjuration/Fire             2
   c - Conjure Flame                  Conjuration/Fire             3
   d - Inner Flame                    Hexes/Fire                   3
   e - Sticky Flame                   Conjuration/Fire             4
   f - Fireball                       Conjuration/Fire             5
 y - a book of Unlife

   Spells                             Type                      Level
   a - Recall                         Summoning/Translocation      3
   b - Animate Dead                   Necromancy                   4
   c - Control Undead                 Necromancy                   4
   d - Cigotuvi's Embrace             Necromancy                   5
   e - Death Channel                  Necromancy                   6
   f - Simulacrum                     Ice/Necromancy               6
Comestibles
 b - 3 meat rations
 e - 9 bread rations
 A - a fruit
 D - 3 slices of pizza


   Skills:
 + Level 8.0 Fighting
 + Level 8.3 Maces & Flails
 + Level 9.3 Armour
 + Level 2.1 Dodging
 + Level 1.7 Stealth
 + Level 10.0 Shields


You had 8 spell levels left.
You didn't know any spells.

Dungeon Overview and Level Annotations

Branches:
Dungeon (9/15)             Temple (0/1) D:5             Orc (0/4) D:9
   Lair: D:8-11

Altars:
Cheibriados
Dithmenos
Elyvilon
Ru
Sif Muna
Trog
Xom
Beogh

Shops:
D:5 [   D:6 (   D:7 *

Annotations:
D:9 Pikel


Innate Abilities, Weirdness & Mutations

You reflexively headbutt those who attack you in melee.
You have a pair of horns on your head.


Message History

The slave resists with some effort. x2
Cheibriados rebukes the orc.
The orc seems to slow down.
You feel slightly more hungry.
The slave hits you but does no damage. x2
Pikel completely misses you. You furiously retaliate!
You headbutt Pikel! You block the orc's attack. You block the slave's attack.
The orc priest looks braver for a moment.
You block Pikel's attack. The slave hits you!
* * * LOW HITPOINT WARNING * * *
The slave barely misses you. You furiously retaliate!
You headbutt the slave!
The orc priest looks braver for a moment.
The orc completely misses you.
Items here: ( ) [ † a dagger; a robe; a stone; an orc corpse You block the slave's attack.
The slave hits you but does no damage. You block Pikel's attack.
The slave hits you but does no damage. You block the slave's attack.
The orc priest hits you from afar with a trident.
You die...

#... ##### #.._
## ... #. ..
#..# #. ###'###
#..# #. #8...8#
#..# ## #..o[o#
#..# #..>pp#
#..# #..oK@#
#..#
####.(####..#
##.......#
#####...###
#.......########
#.....)[))......
#.......########
###....## #....#


You could see Pikel, 2 slaves, an orc priest and 2 orcs.

Vanquished Creatures
  The ghost of karlkraus the Shield-Bearer, an experienced MiFi of Qazlal (D:7)
  Sigmund (D:6)
  A hungry ghost (D:7)
  A hippogriff (D:7)
  Edmund (D:4)
  An ice beast (D:7)
  2 sky beasts
  2 slaves (D:9)
  A necrophage (D:6)
  The ghost of karlkraus the Shield-Bearer, an average MiFi (D:3)
  4 centaurs
  2 ogres (D:6)
  A phantom (D:6)
  2 giant frogs
  A scorpion (D:4)
  4 killer bees (D:8)
  7 crimson imps
  A centaur zombie (D:8)
  A giant frog skeleton (D:9)
  7 orc wizards
  Crazy Yiuf (D:3)
  2 orc priests
  5 worker ants
  Natasha (twice) (D:2)
  2 iguanas
  2 hounds
  A killer bee zombie (D:9)
  2 worker ant zombies
  7 adders
  6 gnolls
  2 shadow imps
  3 oozes
  4 worms
  3 giant geckos
  18 orcs
  3 ball pythons
  8 bats
  3 hobgoblins
  4 jackals (D:1)
  4 quokkas
  6 giant cockroaches
  11 giant newts
  10 goblins
  7 kobolds
  2 quokka skeletons
  8 rats
168 creatures vanquished.

Notes
Turn   | Place    | Note
--------------------------------------------------------------
     0 | D:1      | karlkraus the Minotaur Fighter began the quest for the Orb.
     0 | D:1      | Reached XP level 1. HP: 19/19 MP: 0/0
    92 | D:1      | Reached XP level 2. HP: 12/27 MP: 1/1
    95 | D:1      | Reached skill level 4 in Shields
   733 | D:1      | Reached XP level 3. HP: 33/33 MP: 2/2
   871 | D:2      | Noticed Natasha
   876 | D:2      | Killed Natasha
   878 | D:2      | Reached XP level 4. HP: 22/41 MP: 3/3
  1120 | D:2      | Found a deep blue altar of Sif Muna.
  1295 | D:2      | Noticed Natasha
  1302 | D:2      | Killed Natasha
  1302 | D:2      | Reached skill level 1 in Stealth
  1835 | D:3      | Found a shimmering altar of Xom.
  1865 | D:3      | Reached skill level 1 in Dodging
  1865 | D:3      | Reached skill level 5 in Shields
  1865 | D:3      | Reached XP level 5. HP: 45/47 MP: 4/4
  1969 | D:3      | Noticed Crazy Yiuf
  1976 | D:3      | Killed Crazy Yiuf
  2104 | D:3      | Reached XP level 6. HP: 55/55 MP: 5/5
  2313 | D:3      | Noticed karlkraus's ghost (average MiFi)
  2317 | D:3      | Killed karlkraus's ghost
  2317 | D:3      | Reached skill level 5 in Fighting
  2317 | D:3      | Reached skill level 5 in Armour
  2432 | D:4      | Reached skill level 6 in Shields
  2441 | D:4      | Found a snail-covered altar of Cheibriados.
  2465 | D:4      | Became a worshipper of Cheibriados the Contemplative
  2659 | D:4      | Reached XP level 7. HP: 57/61 MP: 6/6
  2701 | D:4      | Noticed Edmund
  2731 | D:4      | Killed Edmund
  2739 | D:4      | Reached skill level 5 in Maces & Flails
  3174 | D:5      | Entered Level 5 of the Dungeon
  3432 | D:5      | Got a coiled brass ring
  3504 | D:5      | Found Kiam Rou's Antique Armour Shop.
  3525 | D:5      | Found a staircase to the Ecumenical Temple.
  3567 | D:5      | Acquired Cheibriados's first power
  3756 | D:5      | Found a bloodstained altar of Trog.
  3823 | D:6      | Noticed Sigmund
  3831 | D:6      | Killed Sigmund
  3831 | D:6      | Reached XP level 8. HP: 60/70 MP: 7/7
  3887 | D:6      | Reached skill level 7 in Shields
  3948 | D:6      | Found Gihohic's Antique Weapon Boutique.
  4187 | D:6      | Identified the ring of Pihup {Fire rN+ Int+5} (You found it on level 5 of the Dungeon)
  4252 | D:7      | Found Otewu's Elemental Accessories.
  4277 | D:7      | Found a shadowy altar of Dithmenos.
  4307 | D:7      | Found a sacrificial altar of Ru.
  4353 | D:7      | Found a white marble altar of Elyvilon.
  4377 | D:7      | Reached skill level 8 in Shields
  4395 | D:7      | Found a shimmering altar of Xom.
  4396 | D:7      | Reached XP level 9. HP: 28/79 MP: 2/8
  4676 | D:7      | Got a pair of polished gloves
  4994 | D:7      | Noticed karlkraus's ghost (experienced MiFi)
  5001 | D:7      | Killed karlkraus's ghost
  5001 | D:7      | Reached skill level 9 in Shields
  5288 | D:7      | Identified the +0 pair of gloves "Zokaolluy" {*Confuse rC- Str+2 Int+7} (You found it on level 7 of the Dungeon)
  5707 | D:8      | Acquired Cheibriados's second power
  5973 | D:9      | Reached skill level 10 in Shields
  5981 | D:9      | Got an encrusted leather armour
  5983 | D:9      | Found a staircase to the Orcish Mines.
  5985 | D:9      | Noticed Pikel
  5986 | D:9      | Found a roughly hewn altar of Beogh.
  6008 | D:9      | HP: 1/81 [slave[Pikel] (7)]
  6009 | D:9      | Slain by an orc priest

Vault maps used:
D:1:      nagdon_arrival_double_spiral, minmay_misc_feat_x, minmay_surrounded
D:2:      lemuel_blue_sif_altar, serial_park_tiny_1, hangedman_glass_teeth,
          grunt_ministairs_12, dk_noncrumbling_3, uniq_natasha
D:3:      led_xom_imps, uniq_crazy_yiuf_cottage
D:4:      cheibriados_altar_1, enter_ossuary_5, minmay_parallelograms,
          uniq_edmund
D:5:      lightli_temple_of_fire, minmay_temple_entry_poolview, first_bread,
          serial_shops, nicolae_shop_window_shopping
D:6:      serial_shops, nicolae_shop_competitors_out_of_business, serial_glass,
          glass_columns_c, glass_columns_b, item_on_display_a,
          due_unseen_surprise, feat_on_display, uniq_sigmund
D:7:      lemuel_doored_altar, nicolae_overflow_hidden_temple, basic_altar,
          nicolae_elemental_shop
D:9:      minmay_orc_entry_temple_small, uniq_pikel

Action                   |  1- 3 |  4- 6 |  7- 9 || total
-------------------------+-------+-------+-------++-------
Melee: Flail             |    87 |   128 |       ||   215
       Hammer            |       |    30 |   277 ||   307
Invok: Bend Time         |       |       |     1 ||     1
  Use: Scroll            |       |     8 |    11 ||    19
       Potion            |       |     1 |     2 ||     3
 Stab: Distracted        |     1 |       |       ||     1
  Eat: Chunk             |       |     5 |     5 ||    10
       Bread ration      |       |       |     1 ||     1
